 Zot Defence DCSS version 0.15.2 (webtiles) character file.

260 stupendous the Skirmisher (level 5, -4/48 HPs)
             Began as a Minotaur Fighter on Oct 16, 2017.
             Slain by a gnoll
             ... wielding a +0 spear
              (7 damage)
             ... in the Realm of Zot (Scenario I: Hall of Zot).
             The game lasted 00:03:58 (525 turns).

stupendous the Skirmisher (Minotaur Fighter)         Turns: 525, Time: 00:03:58

HP  -4/48        AC  2     Str 22      XL: 5   Next: 95%
MP   2/2         EV  7     Int  5      God:
Gold 0           SH 10     Dex  9      Spells:  0 memorised,  4 levels left

rFire  . . .     SeeInvis .     a - +0 long sword
rCold  . . .     Clarity  .     b - +0 scale mail
rNeg   . . .     rCorr    .     c - +0 shield
rPois  .         rRot     .     (helmet restricted)
rElec  .         Spirit   .     (no cloak)
SustAb .         Warding  .     (no gloves)
rMut   .         Stasis   .     (no boots)
Gourm  .                        (no amulet)
MR     .....                    (no ring)
                                (no ring)

@: corroded equipment, not resistant to hostile enchantments, extremely
unstealthy
A: retaliatory headbutt, horns 2
a: Make oklob sapling, Make arrow trap, Make plant, Remove Curse, Make burning
bush


You were in the Realm of Zot.
You were not hungry.

You visited 1 branch

Inventory:

Hand weapons
 a - a +0 long sword (weapon)
Armour
 b - a +0 scale mail (worn)
 c - a +0 shield (worn)
Comestibles
 f - a bread ration
Scrolls
 k - a scroll of blinking
Potions
 d - 2 potions of curing
 e - a potion of might
 g - a potion of heal wounds
 h - a potion of haste
 i - 2 potions of magic
 j - a potion of berserk rage


   Skills:
 + Level 5.3 Fighting
 + Level 3.6 Long Blades
 + Level 5.0 Armour
 - Level 1.0 Dodging
 + Level 5.1 Shields


You had 4 spell levels left.
You didn't know any spells.

Dungeon Overview and Level Annotations

Branches:
    Zot (1/1)

Altars:


Innate Abilities, Weirdness & Mutations

You reflexively headbutt those who attack you in melee.
You have a pair of horns on your head.


Message History

The jackal dies!
The bat hits you but does no damage. The gnoll hits you with a whip!
You barely miss the gnoll. You block the bat's attack.
You block the gnoll's attack.
You closely miss the gnoll. The bat hits you. The gnoll hits you with a whip!
* * * LOW HITPOINT WARNING * * *
Drink which item? (? for menu, Esc to quit)
You feel better. You block the bat's attack.
The gnoll hits you from afar with a spear.
The gnoll hits you with a whip.
* * * LOW HITPOINT WARNING * * *
You hit the gnoll.
The gnoll is severely wounded.
You block the bat's attack.
The gnoll hits you from afar with a spear.
* * * LOW HITPOINT WARNING * * *
The gnoll hits you with a whip.
* * * LOW HITPOINT WARNING * * *
The gnoll hits you from afar with a spear!
You die...

▓▓▓▓▓▓▓▓ ▓▓▓▓▓▓▓▓ ....▓▓▓▓
▓▓▓▓.... .......▓▓▓ ▓▓▓.......
.........▓▓ ▓▓.........
..........▓ ▓▓▓▓▓▓▓▓▓ ▓..........
..........▓▓▓.......▓▓▓..........
..........▓▓P%......P▓▓..........
..........▓PP..).%..PP▓..........
.............%%)@gg..............
.........)▓....b.)..PP▓..........
..........▓▓........P▓▓..........
..........▓▓▓.......▓▓▓..........
..........# ▓▓▓▓▓▓▓▓▓ #..........
.........## ##.........
.......### ###....... ....####
####.... ######### #########


You could see 2 gnolls, a bat and 3 friendly oklob saplings.

Vanquished Creatures
  A worker ant (Zot)
  2 oozes (Zot)
  A giant cockroach (Zot)
  A jackal (Zot)
  3 ball pythons (Zot)
  2 giant newts (Zot)
  5 goblins (Zot)
  4 kobolds (Zot)
  5 rats (Zot)
24 creatures vanquished.

Vanquished Creatures (collateral kills)
  An ogre (Zot)
  2 bats (Zot)
  A giant cockroach (Zot)
  2 jackals (Zot)
  A kobold (Zot)
  4 goblins (Zot)
  2 rats (Zot)
13 creatures vanquished.

Vanquished Creatures (others)
  An oklob sapling (Zot)
1 creature vanquished.

Grand Total: 38 creatures vanquished

Notes
Turn   | Place    | Note
--------------------------------------------------------------
     0 | Zot      | stupendous, the Minotaur Fighter, began the quest for the Orb.
     0 | Zot      | Reached XP level 1. HP: 19/19 MP: 1/1
   227 | Zot      | Reached XP level 2. HP: 14/27 MP: 1/1
   230 | Zot      | Reached skill level 4 in Fighting
   328 | Zot      | Reached XP level 3. HP: 27/34 MP: 2/2
   338 | Zot      | Noticed Staine
   340 | Zot      | Killed Staine the ogre
   340 | Zot      | Reached skill level 1 in Dodging
   340 | Zot      | Reached XP level 4. HP: 32/41 MP: 2/2
   421 | Zot      | Reached XP level 5. HP: 47/47 MP: 2/2
   445 | Zot      | Reached skill level 5 in Fighting
   447 | Zot      | Reached skill level 5 in Armour
   447 | Zot      | Reached skill level 5 in Shields
   525 | Zot      | Slain by a gnoll

Action                   |  1- 3 |  4- 6 || total
-------------------------+-------+-------++-------
Melee: Long sword        |    32 |    29 ||    61
 Abil: Make oklob saplin |     1 |     3 ||     4
       Make plant        |       |     6 ||     6
  Use: Potion            |       |     1 ||     1
